 Dungeon Crawl Stone Soup version 0.19.4-8-ga85b6b9 (webtiles) character file.

446 gwendy the Poker (level 6, -3/66 HPs)
             Began as a Demonspawn Gladiator on Feb 8, 2017.
             Was an Initiate of Makhleb.
             Slain by Azzok's ghost (15 damage)
             ... on level 5 of the Dungeon.
             The game lasted 00:13:07 (3408 turns).

gwendy the Poker (Demonspawn Gladiator)             Turns: 3408, Time: 00:13:08

Health: -3/66      AC: 23    Str: 17    XL:     6   Next: 73%
Magic:  6/6        EV:  2    Int: 10    God:    Makhleb [......]
Gold:   163        SH:  0    Dex: 13    Spells: 0 memorised, 5 levels left

rFire  . . .     SeeInvis .     a - +0 trident
rCold  . . .     Gourm    .     (armour currently unavailable)
rNeg   + + +     Faith    .     (no shield)
rPois  +         Spirit   .     (helmet currently unavailable)
rElec  .         Reflect  .     (cloak currently unavailable)
rCorr  .         Harm     .     (gloves currently unavailable)
MR     .....     NoTele   +     (boots currently unavailable)
Stlth  +.........               (no amulet)
                                (no ring)
                                (no ring)

@: tree-form
A: (antennae 0), powered by death 2, (sanguine armour 0)
a: Renounce Religion


You were on level 5 of the Dungeon.
You worshipped Makhleb.
Makhleb was noncommittal.
You were near starving.
You were a tree.
You visited 2 branches of the dungeon, and saw 6 of its levels.

You collected 163 gold pieces.

Inventory:

Hand Weapons
 a - a +0 trident (weapon)
Missiles
 d - 2 throwing nets (quivered)
Armour
 n - a +3 scale mail of positive energy (melded)
Scrolls
 c - a scroll of recharging {unknown}
 g - a scroll of fear {unknown}
 h - a scroll of identify
 i - a scroll of enchant armour
 l - a scroll of magic mapping
 q - a scroll of immolation {unknown}
Potions
 b - a potion of flight
 e - 2 potions of curing
 j - a potion of agility
 p - 2 potions of magic
 s - a potion of heal wounds
Comestibles
 f - 3 bread rations
 k - 7 fruits
 m - a royal jelly


   Skills:
 - Level 2.0 Fighting
 + Level 7.0 Polearms
 - Level 1.7 Throwing
 - Level 2.6 Dodging


You had 5 spell levels left.
You didn't know any spells.

Dungeon Overview and Level Annotations

Branches:
Dungeon (5/15)             Temple (1/1) D:4

Altars:
Ashenzari
Dithmenos
Fedhas
Hepliaklqana
Kikubaaqudgha
Makhleb
Okawaru
Qazlal
Sif Muna
Trog
Uskayaw
Vehumet
Xom
Yredelemnul
Zin
The Shining One

Annotations:
D:4 Dowan, Pikel
D:5 Azzok's ghost, novice GrEE


Innate Abilities, Weirdness & Mutations

((You have a pair of small antennae on your head.))
You regenerate health from kills.
((When seriously injured, your bleeding wounds create armour. (AC +0)))


Message History

You are too injured to fight recklessly!
You are too injured to fight recklessly!
You are too injured to fight recklessly!
You are too injured to fight recklessly!
Attack whom?
Press: ? - help, Dir - move target cursor, f/p - Azzok's ghost
Aim: Azzok's ghost, wielding a weapon of electrocution (lightly damaged)
You hit Azzok's ghost.
Azzok's ghost is moderately damaged.
Azzok's ghost points at you and mumbles some strange words.
Helpless, you fail to dodge the stone arrow.
* * * LOW HITPOINT WARNING * * *
Attack whom?
Press: ? - help, Dir - move target cursor, f/p - Azzok's ghost
Aim: Azzok's ghost, wielding a weapon of electrocution (moderately damaged)
You barely miss Azzok's ghost.
Azzok's ghost is moderately damaged.
Azzok's ghost hits you but does no damage.
You are electrocuted!
You die...

#.....# #.#####
#.# #W# #.#
#####.#
..<...############
####...........W.#
......##########♣#
####.## #.# #.#
#.# #.# #.# #.#
#.# #.# #.# #.#
#.# #.#


You could see Azzok's ghost.

Vanquished Creatures
  An ice beast (D:5)
  A bullfrog zombie (D:5)
  An orc wizard (D:3)
  An orc priest (D:3)
  Terence (D:2)
  Natasha (thrice) (D:2)
  5 adders
  2 oozes
  3 worms (D:2)
  A dart slug (D:1)
  4 leopard geckos
  5 orcs (D:3)
  9 bats
  4 giant cockroaches
  16 goblins
  9 hobgoblins
  4 jackals (D:1)
  A quokka (D:5)
  4 ball pythons
  10 frilled lizards
  6 kobolds
  8 rats
99 creatures vanquished.

Notes
Turn   | Place    | Note
-------+----------+-------------------------------------------
     0 | D:1      | gwendy the Demonspawn Gladiator began the quest for the Orb.
     0 | D:1      | Reached XP level 1. HP: 16/16 MP: 1/1
    67 | D:1      | Reached skill level 3 in Polearms
   151 | D:1      | Gained mutation: You regenerate a little health from kills. [demonic ancestry]
   151 | D:1      | Reached XP level 2. HP: 21/22 MP: 2/2
   516 | D:1      | Reached XP level 3. HP: 18/27 MP: 3/3
   804 | D:2      | Reached skill level 4 in Polearms
   851 | D:2      | Noticed Natasha
   865 | D:2      | Killed Natasha
  1020 | D:2      | Gained mutation: You regenerate health from kills. [demonic ancestry]
  1020 | D:2      | Reached XP level 4. HP: 31/33 MP: 4/4
  1195 | D:2      | Noticed Natasha
  1202 | D:2      | Killed Natasha
  1306 | D:2      | Noticed Terence
  1328 | D:2      | Killed Terence
  1328 | D:2      | Reached skill level 5 in Polearms
  1507 | D:2      | Gained mutation: You have a pair of small antennae on your head. [demonic ancestry]
  1507 | D:2      | Reached XP level 5. HP: 38/38 MP: 5/5
  1981 | D:2      | Noticed Natasha
  2005 | D:2      | Killed Natasha
  2495 | D:3      | Reached skill level 6 in Polearms
  2506 | D:3      | Gained mutation: When seriously injured, your bleeding wounds create armour. (AC +0) [demonic ancestry]
  2506 | D:3      | Reached XP level 6. HP: 44/44 MP: 6/6
  3114 | D:4      | Found a staircase to the Ecumenical Temple.
  3139 | Temple   | Entered the Ecumenical Temple
  3206 | Temple   | Became a worshipper of Makhleb the Destroyer
  3253 | D:4      | Noticed Pikel
  3253 | D:4      | Noticed a slave
  3253 | D:4      | Noticed a slave
  3254 | D:4      | Noticed Dowan
  3255 | D:4      | Noticed a slave
  3255 | D:4      | Noticed a slave
  3263 | D:5      | Entered Level 5 of the Dungeon
  3313 | D:5      | Noticed an ice beast
  3333 | D:5      | Noticed Azzok's ghost (novice GrEE)
  3400 | D:5      | Killed an ice beast
  3400 | D:5      | Reached skill level 7 in Polearms
  3408 | D:5      | Slain by Azzok's ghost

Skill      XL: |  1  2  3  4  5  6 |
---------------+-------------------+-----
Polearms       | 3 4 5 6 7 |  7.0
Fighting       | |  2.0
Throwing       | |  1.7
Dodging        | |  2.6

Action                   |  1- 3 |  4- 6 || total
-------------------------+-------+-------++-------
Melee: Trident           |   111 |   264 ||   375
Throw: Throwing net      |       |     2 ||     2
  Use: Scroll            |       |     9 ||     9
       Potion            |       |     1 ||     1
 Stab: Sleeping          |     2 |       ||     2
  Eat: Chunk             |     1 |     6 ||     7
Armor: Leather armour    |    20 |     5 ||    25
       Scale mail        |       |    77 ||    77
       Skin              |       |    27 ||    27
Dodge: Dodged            |    47 |   104 ||   151
